Cogmind - Beta 13 @@@ ROGUE MODE // 2024.04.02 @ 19:40:35 Player: arkn Result: Destroyed by D-53 Grenadier with Mini Grenade Launcher Performance ------------- Evolutions (0) 0 Regions Visited (4) 800 Robots Destroyed (21) 105 Value Destroyed (260) 260 Prototype IDs (23) 460 Alien Tech Used (0) 0 Bonus (300) 300 TOTAL SCORE: 1925 Bonus ------- Aligned with FarCom 300 Cogmind --------- Core Integrity 0/250 Matter 290/300 Energy 80/265 System Corruption 1% Temperature Cool (0) Movement Rolling (140) Ox4 Location -9/Mines Parts ------- > --- POWER (1) -------- Improved Ion Engine > --- PROPULSION (2) --- Wheel > --- UTILITY (2) ------ High-capacity Storage Unit > --- WEAPON (2) ------- Light Assault Rifle > --- INVENTORY (20) --- Improved Ion Engine Aluminum Leg Compact Wheel VTOL Module VTOL Module VTOL Module VTOL Module Flying Fortress v7 Structural Scanner Signal Interpreter Seismic Detector Tractor Beam EM Pulse Gun Small Laser Particle Gun Peak State ------------ > --- POWER ------------ Improved Ion Engine > --- PROPULSION ------- Wheel Wheel > --- UTILITY ---------- High-capacity Storage Unit ECM Suite > --- WEAPON ----------- Small Laser Light Assault Rifle > --- INVENTORY -------- Improved Ion Engine Improved Ion Engine Aluminum Leg Compact Wheel Compact Wheel VTOL Module VTOL Module VTOL Module VTOL Module Flying Fortress v7 Structural Scanner Signal Interpreter Seismic Detector Tractor Beam EM Pulse Gun Small Laser Particle Gun [Rating: 13] Favorites ----------- Power Improved Ion Engine Engine Improved Ion Engine Propulsion Light Treads Treads Light Treads Leg Aluminum Leg Wheel Wheel Utility High-capacity Storage Unit Device ECM Suite Storage High-capacity Storage Unit Weapon Light Assault Rifle Energy Gun Small Laser Ballistic Gun Light Assault Rifle Build | -11 -10 -10 -10 -9 ------- Run | Yrd Mat Min Exi Min Slots Evolved . | . . . . . Power . | . . . . . Propulsion . | . . . . . Utility . | . . . . . Weapon . | . . . . . Parts Attached 24 | 2 16 4 . 2 Power 4 | . 3 . . 1 Engine 4 | . 3 . . 1 Core . | . . . . . Reactor . | . . . . . Propulsion 7 | . 4 2 . 1 Treads 3 | . 3 . . . Leg 1 | . 1 . . . Wheel 3 | . . 2 . 1 Hover . | . . . . . Flight . | . . . . . Utility 5 | 2 3 . . . Device 4 | 2 2 . . . Storage 1 | . 1 . . . Processor . | . . . . . Hackware . | . . . . . Protection . | . . . . . Artifact . | . . . . . Weapon 8 | . 6 2 . . Energy Gun 4 | . 3 1 . . Energy Cannon . | . . . . . Ballistic Gun 4 | . 3 1 . . Ballistic Cannon . | . . . . . Launcher . | . . . . . Special Weapon . | . . . . . Impact Weapon . | . . . . . Slashing Weapon . | . . . . . Piercing Weapon . | . . . . . Special Melee Weapon . | . . . . . Unidentified Prototypes . | . . . . . Parts Lost 7 | . 1 1 . 5 Power 1 | . . . . 1 Propulsion 3 | . . 1 . 2 Utility 1 | . . . . 1 Weapon 2 | . 1 . . 1 Highest Loss Streak 5 | . 1 1 . 5 To Critical Strikes . | . . . . . Average Slot Usage (%) 99 | . 99 98 100 96 Engine 14 | . 14 14 14 14 Treads 22 | . 25 22 . . Leg 1 | . 2 . . . Wheel 3 | . . 3 28 28 Device 13 | . 13 14 14 14 Storage 14 | . 14 14 14 14 Energy Gun 16 | . 15 25 14 10 Ballistic Gun 11 | . 11 2 14 14 Naked Turns . | . . . . . Heaviest Build 54 | 13 54 54 51 51 Greatest Support 40 | 20 40 40 20 26 Greatest Overweight (x) 4 | . 2 2 2 4 Average Overweight (x) 1 | . . 1 2 1 Largest Inventory Capacity 20 | 8 20 20 20 20 Average Capacity 19 | 8 18 20 20 20 Most Carried 20 | 7 20 20 20 20 Average Carried 15 | 6 13 19 18 19 Final Capacity 20 | 8 20 20 20 20 Final Carried 20 | 7 20 18 20 18 Class Distribution -------------------- 100% | Mutant Dominant Class ---------------- Mutant | -10/Materials Mutant | -10/Mines Mutant | -10/Exiles Mutant | -9/Mines Resources | -11 -10 -10 -10 -9 ----------- Run | Yrd Mat Min Exi Min Matter Collected 472 | 225 189 58 . . Remotely 15 | 15 . . . . Salvage Created 577 | 72 462 43 . . Parts 44 | 5 31 8 . . Haulers Intercepted 1 | . 1 . . . Recyclers Shooed 2 | 1 1 . . . Parts Field Recycled . | . . . . . Retrieved Matter . | . . . . . Parts Self-Destructed . | . . . . . Prevented . | . . . . . Kills | -11 -10 -10 -10 -9 ------- Run | Yrd Mat Min Exi Min Combat Hostiles Destroyed 11 | . 8 3 . . Guns 11 | . 8 3 . . Classes Destroyed 8 | 2 6 . . . Worker 1 | . 1 . . . Tunneler 1 | 1 . . . . Hauler 1 | . 1 . . . Recycler 3 | 1 2 . . . Mechanic 1 | . 1 . . . Watcher 3 | . 3 . . . Swarmer 9 | . 6 3 . . Grunt 2 | . 2 . . . Best Kill Streak 5 | 2 5 3 . . Combat Bots Only 3 | . 3 3 . . Max Kills in Single Turn 1 | 1 1 1 . . Gunslinging . | . . . . . Exploded . | . . . . . Melee . | . . . . . Uniques/NPCs Destroyed . | . . . . . Combat | -11 -10 -10 -10 -9 -------- Run | Yrd Mat Min Exi Min Hostile Shots Fired 94 | . 42 31 . 21 Missed 18 | . 4 7 . 7 Damage Taken 1009 | . 405 193 . 411 Core 251 | . 88 14 . 149 Absorbed by Shields . | . . . . . Core Remaining (%) 100 | 100 . . . . Volleys Fired 60 | 5 46 8 . 1 Largest 2 | 2 2 2 . 2 Hottest 105 | 60 85 105 . 60 Shots Fired 120 | 10 91 16 1 2 Gun 120 | 10 91 16 1 2 Cannon . | . . . . . Launcher . | . . . . . Special . | . . . . . Kinetic 54 | 5 45 2 1 1 Thermal 60 | 5 46 8 . 1 Explosive . | . . . . . Electromagnetic 6 | . . 6 . . Robot Hit Streak 12 | 9 12 2 . 2 Robot Miss Streak 3 | . 3 2 . 1 Penetration Max . | . . . . . Secondary Targets . | . . . . . Shots Hit Robots 69 | 9 52 7 . 1 Core Hits 36 | 3 28 4 . 1 Critical Kills . | . . . . . Critical Parts Destroyed . | . . . . . Critical Strikes 1 | . 1 . . . Burn 1 | . 1 . . . Melee Attacks . | . . . . . Impact . | . . . . . Slashing . | . . . . . Piercing . | . . . . . Sneak Attacks . | . . . . . Combat Hostiles . | . . . . . Follow-up Attacks . | . . . . . Damage Inflicted 791 | 87 597 95 . 12 Guns 776 | 87 582 95 . 12 Cannons . | . . . . . Explosions . | . . . . . Melee . | . . . . . Ramming 15 | . 15 . . . Kinetic 253 | 32 214 7 . . Thermal 489 | 55 368 54 . 12 Explosive . | . . . . . Electromagnetic 34 | . . 34 . . Impact . | . . . . . Slashing . | . . . . . Piercing . | . . . . . Highest Corruption 1 | . 1 1 1 1 Average Corruption 1 | . 1 1 1 1 Corruption Purged . | . . . . . Corruption Blocked . | . . . . . Effects 12 | . 6 4 2 . Matter Fused 2 | . 1 1 . . Heat Flow Errors 2 | . 1 1 . . Energy Discharges 1 | . 1 . . . Parts Rejected 1 | . 1 . . . Data Loss (minor) 3 | . 1 1 1 . Data Loss (major) 1 | . . 1 . . Misfires 2 | . 1 . 1 . Overload Shots . | . . . . . Overflow Damage . | . . . . . Projectiles . | . . . . . Explosions . | . . . . . Melee . | . . . . . Knockbacks . | . . . . . Impact . | . . . . . Kinetic . | . . . . . Secondary . | . . . . . Self-Inflicted Damage . | . . . . . Shots . | . . . . . Rammed 3 | . 3 . . . Targets Rammed 5 | . 5 . . . Kicked . | . . . . . Crushed 2 | . 2 . . . Highest Temperature 288 | 20 182 288 1 22 Average Temperature 76 | 15 61 148 1 12 Received Heat Transfer 102 | . 102 . . . Effects 2 | . . 2 . . Interference 2 | . . 2 . . Siege Activations . | . . . . . Robots Corrupted . | . . . . . Combat Hostiles . | . . . . . Parts Fried . | . . . . . Impact Corruptions . | . . . . . Robots Melted . | . . . . . Combat Hostiles . | . . . . . Parts Melted 1 | . . 1 . . Heat Transferred 1217 | 125 943 124 . 25 Parts Sabotaged . | . . . . . Parts Stolen . | . . . . . Parts Stripped . | . . . . . Power Chain Reactions . | . . . . . Alert | -11 -10 -10 -10 -9 ------- Run | Yrd Mat Min Exi Min Peak Influence 221 | 10 221 85 . 15 Initial 25 | . 6 25 . . Average 66 | 8 72 34 . 3 Maximum Alert Level 1 | . 1 . . . Low Security (%) 94 | 100 93 100 . 100 Level 1 5 | . 6 . . . Level 2 . | . . . . . Level 3 . | . . . . . Level 4 . | . . . . . Level 5 . | . . . . . High Security . | . . . . . Max Security . | . . . . . Squads Dispatched . | . . . . . Investigation . | . . . . . Extermination . | . . . . . Reinforcement . | . . . . . Assault . | . . . . . Garrison . | . . . . . Intercept . | . . . . . Searches Triggered . | . . . . . Construction Impeded . | . . . . . Haulers Reinforced . | . . . . . Active Scanning Responses . | . . . . . Cargo Convoy Interrupts . | . . . . . Stealth | -11 -10 -10 -10 -9 --------- Run | Yrd Mat Min Exi Min Distress Signals 3 | . 3 . . . Communications Jammed . | . . . . . Distress Signals . | . . . . . Times Spotted 32 | . 23 3 . 6 Peak Tracking Total 7 | . 6 3 . 7 Tactical Retreats 4 | . 4 . . . Traps | -11 -10 -10 -10 -9 ------- Run | Yrd Mat Min Exi Min Traps Triggered 5 | . 5 . . . Indirectly . | . . . . . Trap Hack Attempts . | . . . . . Triggered . | . . . . . Disarmed . | . . . . . Reprogrammed . | . . . . . Reused . | . . . . . Traps Extracted . | . . . . . Installed . | . . . . . Triggered . | . . . . . Machines | -11 -10 -10 -10 -9 ---------- Run | Yrd Mat Min Exi Min Machines Disabled . | . . . . . Max in Single Turn . | . . . . . Machines Repaired . | . . . . . Machines Dismantled . | . . . . . Machines Sabotaged . | . . . . . Overloaded Fab Kills . | . . . . . Hacking | -11 -10 -10 -10 -9 --------- Run | Yrd Mat Min Exi Min Machines Accessed 4 | . 3 . 1 . Terminals 3 | . 3 . . . Fabricators . | . . . . . Repair Stations . | . . . . . Recycling Units . | . . . . . Scanalyzers . | . . . . . Garrison Access . | . . . . . Total Hacks 11 | . 10 . 1 . Successful 8 | . 7 . 1 . Failed 3 | . 3 . . . Catastrophic . | . . . . . Database Lockouts . | . . . . . Manual 11 | . 10 . 1 . Terminals 10 | . 10 . . . Fabricators . | . . . . . Repair Stations . | . . . . . Recycling Units . | . . . . . Scanalyzers . | . . . . . Garrison Access . | . . . . . Terminal Hacks 2 | . 1 . 1 . Locate Traps 1 | . 1 . . . Derelict Proto ID Bank 1 | . . . 1 . Fabricator Hacks . | . . . . . Repair Station Hacks . | . . . . . Recycling Unit Hacks . | . . . . . Scanalyzer . | . . . . . Garrison Access Hacks . | . . . . . Unauthorized Hacks 6 | . 6 . . . Terminals 6 | . 6 . . . Track 2 | . 2 . . . Botnet 3 | . 3 . . . Operators 1 | . 1 . . . Fabricators . | . . . . . Repair Stations . | . . . . . Recycling Units . | . . . . . Scanalyzers . | . . . . . Garrison Access . | . . . . . Data Cores Recovered . | . . . . . Used . | . . . . . Hacking Detections 2 | . 2 . . . Full Trace Events . | . . . . . Feedback Events . | . . . . . Feedback Blocked . | . . . . . Robot Schematics Acquired . | . . . . . Robots Built . | . . . . . Authchips . | . . . . . Time . | . . . . . Total Robot Build Rating . | . . . . . Part Schematics Acquired . | . . . . . Parts Built . | . . . . . Authchips . | . . . . . Time . | . . . . . Total Part Build Rating . | . . . . . Parts Repaired . | . . . . . Time . | . . . . . Parts Recycled . | . . . . . Recycled Matter . | . . . . . Retrieved Matter . | . . . . . Retrieved Components . | . . . . . Parts Scanalyzed . | . . . . . Part Schematics Acquired . | . . . . . Parts Damaged . | . . . . . Bothacking | -11 -10 -10 -10 -9 ------------ Run | Yrd Mat Min Exi Min Used RIF Installer . | . . . . . Robots Hacked . | . . . . . Non-combat . | . . . . . Combat . | . . . . . Robot Hacks Applied . | . . . . . Relay Couplers Released . | . . . . . Fabnet Peak Effective % . | . . . . . Robots Rewired . | . . . . . Allies Hacked . | . . . . . Hacks Repelled . | . . . . . Allies | -11 -10 -10 -10 -9 -------- Run | Yrd Mat Min Exi Min Total Allies . | . . . . . Largest Group . | . . . . . Highest-Rated Group . | . . . . . Highest-Rated Ally . | . . . . . Total Orders . | . . . . . Ally Attacks . | . . . . . Total Damage . | . . . . . Kills . | . . . . . Allies Corrupted . | . . . . . Allies Melted . | . . . . . Intel | -11 -10 -10 -10 -9 ------- Run | Yrd Mat Min Exi Min Robot Analysis Total . | . . . . . Derelict Logs Recovered . | . . . . . Drone Launches . | . . . . . Drone Recoveries . | . . . . . Exploration | -11 -10 -10 -10 -9 ------------- Run | Yrd Mat Min Exi Min Turns Passed 2464 | 40 1871 244 268 41 Spaces Moved 1098 | 19 703 101 242 33 Core . | . . . . . Treads 680 | . 608 72 . . Legs 114 | 19 95 . . . Wheels 304 | . . 29 242 33 Hover . | . . . . . Flight . | . . . . . Fastest Speed 105 | 120 120 110 110 105 Average Speed 191 | 120 224 202 110 110 Slowest Speed 320 | 120 320 240 110 140 Overloaded Moves . | . . . . . Propulsion Burnouts . | . . . . . Robots Hopped . | . . . . . Cave-ins Triggered . | . . . . . Exploration Rate (%) 42 | 3 91 31 65 21 Regions Visited 4 Branch Regions 3 Pre-discovered Areas . | . . . . . Known Exits Taken . | . . . . . Unknown Exits Taken 4 | 1 1 1 1 . Scrap Searched 1 | . . 1 . . Spaces Dug . | . . . . . Terrain Destroyed . | . . . . . Melee . | . . . . . Projectile . | . . . . . AOE . | . . . . . Terrain Rammed . | . . . . . Walls Destroyed . | . . . . . Machines Disabled . | . . . . . Actions | -11 -10 -10 -10 -9 --------- Run | Yrd Mat Min Exi Min Total 1338 | 26 908 124 244 36 Wait 128 | . 117 11 . . Move 1094 | 18 702 100 241 33 Hop . | . . . . . Pick Up 18 | 1 16 . 1 . Fast Attach 10 | 1 9 . . . Attach 5 | . 1 2 . 2 Detach . | . . . . . Swap 9 | 1 6 2 . . Drop 9 | . 6 1 2 . Fire 60 | 5 46 8 . 1 Melee . | . . . . . Ram . | . . . . . Kick . | . . . . . Crush 5 | . 5 . . . Escape Stasis . | . . . . . Rewire . | . . . . . Trap . | . . . . . Miscellaneous . | . . . . . Route ------- -11/Scrapyard -10/Materials (discovered 5 exits: [*Mat x3] / [*Min x2]) -10/Mines (discovered 2 exits: [*Mat] / *Exi) -10/Exiles (discovered 2 exits: [*Min x2]) -9/Mines History --------- Turn | Location | Event 16 | -11/Scrapyard | Discovered new exit (range 3) 41 | -11/Scrapyard | Entered Materials 306 | -10/Materials | Build established: Mutant 306 | -10/Materials | Discovered new exit (range 16) 1147 | -10/Materials | Discovered new exit (range 15) 1510 | -10/Materials | Discovered new exit (range 12) 1579 | -10/Materials | Discovered new exit (range 10) 1730 | -10/Materials | Discovered new exit (range 10) 1912 | -10/Materials | Entered Mines 2022 | -10/Mines | Discovered new exit (range 5) 2151 | -10/Mines | Deemed a non-threat by the Exiles lab entrance 2152 | -10/Mines | Discovered new exit (range 5) 2156 | -10/Mines | Entered Exiles 2175 | -10/Exiles | Discovered new exit (range 15) 2185 | -10/Exiles | Met 8R-AWN 2204 | -10/Exiles | Met EX-HEX 2233 | -10/Exiles | Met EX-BIN 2254 | -10/Exiles | Aligned with FarCom system 2255 | -10/Exiles | Given EX-Vault access code 2282 | -10/Exiles | Opened EX-Vault 2292 | -10/Exiles | Found Flying Fortress v7 2316 | -10/Exiles | Warned to stay clear of 0b10 Research branches 2329 | -10/Exiles | Exiles lab attacked by MAIN.C 2411 | -10/Exiles | Discovered new exit (range 14) 2424 | -10/Exiles | Left Exiles lab with Flying Fortress v7 2424 | -10/Exiles | Entered Mines 2425 | -9/Mines | Assembled infested the area 2455 | -9/Mines | Core integrity fell below 50% 2464 | -9/Mines | Core integrity fell below 20% 2465 | -9/Mines | Destroyed by D-53 Grenadier with Mini Grenade Launcher Last Messages --------------- LOCATION=UNKNOWN GOAL=ESCAPE 02424_ Receiving FarCom transmissions... 02425_ ALERT: Infestation in the mines, dispatching Demolisher response squad. 02425_ J5-HVA: "That was close. Too bad in all the rush we got split up from the others." 02440_ J5-HVA: "Oh no, it's like what happened to the Exiles when they were wandering homeless, only there's no Warlord to save us!" 02445_ J5-HVA destroyed. 02454_ Sml. Laser destroyed. 02455_ as-29411 destroyed. 02459_ as-22081 destroyed. 02459_ Wheel destroyed. 02459_ as-93592 destroyed. 02459_ as-56214 destroyed. 02462_ The unstable cave ceiling collapses. 02463_ Com. Wheel destroyed. 02463_ Imp. Ion Engine destroyed. 02463_ ECM Suite destroyed. 02464_ YI-UF0 mumbles something. 02464_ K-01 Serf collects debris. Map ----- +----------------------------------------------------+ | ???????????????????# ??????????????????? | | ???????????????????# ##????????????????? | | ???????????????????# ##???????????????? | | ???????????????????# #???????????????? | | ???????????????????# #???????????????? | | ???????????????????# #???????????????? | | ????????????????????#" #???????????????? | | ???????????????????## % #???????????????? | | ???????????????????# ##??????????????? | | ???????????????????# ??????????????? | | ???????????????????# ??????????????? | | ??????????????????## ??????????????? | | ??????????????????# ###???????????? | | ?????????????????## ##??????????? | | ?????????????????# # ####???????? | | ??????????????????# % #???????? | | ?????????????????## = ####????? | | ?????????????????# d #????? | | ??????????????????# d % ##???? | | ??????????????????# % < #???? | | ??????????????????# ##??? | | ??????????????????## ## #??? | | ???????????????????### ##?? | | ??????????????????## #?? | | ?????????????????## #??? | | ??????????"k r @ #??? | | ??????????" % ## #??? | | ??????????? # ### ###??? | | ????????????# ##?#####????? | | ????????????# ##???????????? | | ???????????? ????????????? | | ???????????? #????????????? | | ???????????? g ##????????????? | | ????????????? ?????????????? | | ????????????? ## ?????????????? | | ??????????????####?## ?????????????? | | ????????????????????## ?????????????? | | ?????????????????????## ?????????????? | | ??????????????????????#### ?????????????? | | ??????????????????????????#?????????????? | | ????????????????????????????????????????? | | ????????????????????????????????????????? | | ????????????????????????????????????????? | | ????????????????????????????????????????? | | ????????????????????????????????????????? | | ????????????????????????????????????????? | | ????????????????????????????????????????? | | ????????????????????????????????????????? | | ????????????????????????????????????????? | | ????????????????????????????????????????? | +----------------------------------------------------+ Best States ------------- Heat Dissipation 25 Energy Generation 12 Energy Capacity 265 Matter Stores 300 Matter Capacity 300 Sight Range 16 Terrain Scan Density 10 ECM Strength 1 Evasion (%) 55 Recoil Reduction 2 Item Schematics ----------------- None Robot Schematics ------------------ None Fabricated ------------ Nothing Alien Tech Used ----------------- None Achievements -------------- None Challenges ------------ None Game ------ Seed CouplerProtonBeamcaster Manual? 0 Play Time 00:20:46 Cumulative 140.8 hours Start 2024.04.02 @ 17:34:41 End 2024.04.02 @ 19:40:35 Sessions 1 Manual Loads 0 Difficulty Rogue Special Mode None Game No. 124 Rogue 118 Adventurer 0 Explorer 6 Win Type - Total 3 Types 3/0/0/0/0/0/0/0/0 Lore% 41 Gallery% 55 Achievement% 47 Wizard Run 0 Options --------- Layout 0 ASCII 0 Keyboard 0 Movement Numpad Keybinds 0 Fullscreen 1 Font 24/Smallcaps Map View 113x50 Zoom Use 0% Tactical HUD 1 Map Filters NONE Filters NONE Steam X RUN: aabd7f8c-5202-4951-88f9-ab0bac0503a8